 Dungeon Crawl Stone Soup version 0.31.0-9-g3a7656b989 (webtiles) character file.

Game seed: 10106980192387833101

45 qw the Shooter (level 3, 0/18 HPs)
             Began as a Spriggan Hunter on Feb 2, 2024.
             Succumbed to their own poison gas
             ... on level 1 of the Dungeon.
             The game lasted 00:00:02 (976 turns).

qw the Shooter (Spriggan Hunter)                     Turns: 976, Time: 00:00:03

Health: 0/18       AC:  2    Str:  7    XL:     3   Next: 42%
Magic:  4/4        EV: 19    Int: 10    God:
Gold:   80         SH:  0    Dex: 20    Spells: 2/2 levels left

rFire   . . .        a - +1 shortbow
rCold   . . .        (shield currently unavailable)
rNeg    . . .        c - +0 robe
rPois   .            (helmet restricted)
rElec   .            (no cloak)
rCorr   .            (gloves unavailable)
SInv    +            (boots unavailable)
Will    .....        (no amulet)
Stlth   ++           (no ring)
HPRegen 0.23/turn    (no ring)
MPRegen 0.09/turn

%: no passive effects
@: lethally poisoned (0 -> -2), very quick
A: very small, no large weapons, unfitting armour, see invisible, speed 3
a: no special abilities


You were on level 1 of the Dungeon.
You visited 1 branch of the dungeon, and saw 2 of its levels.

You collected 80 gold pieces.


Innate Abilities, Weirdness & Mutations

You are very small and have problems with some larger weapons.
You are too small for most types of armour.
You have supernaturally acute eyesight. (SInv)
You cover ground extremely quickly. (Speed+++)


   Skills:
 - Level 1.5 Fighting
 + Level 4.7 Ranged Weapons
 - Level 4.0 Dodging
 - Level 1.5 Stealth


You had 2 spell levels left.
You didn't know any spells.
Your spell library was empty.

Inventory:

Hand Weapons
 a - a +1 shortbow (weapon)
Armour
 c - a +0 robe (worn)
Potions
 d - 2 potions of mutation
 f - 2 potions of enlightenment
 g - a potion of degeneration {unknown}

Dungeon Overview and Level Annotations

Branches:
Dungeon (2/15)

Altars:


Message History

You shoot an arrow. The arrow hits the endoplasm!
You kill the endoplasm!
b - a scroll labelled FINAREATSU A rat comes into view.
You shoot an arrow. The arrow hits the rat.
You kill the rat!
e - a scroll labelled VUGICVE URYMUECUO You now have 80 gold pieces (gained 8).
d - 2 potions of mutation (gained 1)
g - a fizzy silvery potion Done exploring.
966 ||| READING scroll labelled FINAREATSU.
As you read the scroll labelled FINAREATSU, it crumbles to dust.
It is a scroll of enchant weapon.
966 ||| ENCHANTING +0 shortbow.
Your +0 shortbow glows red for a moment.
967 ||| READING scroll labelled VUGICVE URYMUECUO.
The air fills with toxic fumes!
As you read the scroll labelled VUGICVE URYMUECUO, it crumbles to dust.
It was a scroll of poison.
Enter note:
Enter note:
Enter note: You are engulfed in poison gas.
You are poisoned.
You feel very sick.
969 ||| Stepping ~*~*~tactically~*~*~ (cloud).
You feel sick.
There is a lethal amount of poison in your body!
You feel sick.
There is a lethal amount of poison in your body!
You feel very sick.
There is a lethal amount of poison in your body!
You feel sick.
There is a lethal amount of poison in your body!
You feel sick.
There is a lethal amount of poison in your body!
You feel sick.
There is a lethal amount of poison in your body!
You feel sick.
There is a lethal amount of poison in your body!
You die...

#.##....# #.....# #.###...#
#.....# #.####.####.....#
#.¤0......###.###
###¤##.##.###.######
#¤##....¤.#.#.....
#0##..¤00%..#.####
#0##¤¤0¤¤..#...### ###
#@¤00¤¤¤¤.###....# ..#
###¤¤00¤0..#...#.# #.#
#######.########.#..#..
#.#########........#.....#.#.....
...............##.##.....+.##.###
#.#########.##.##.##<.8..#....#
..# #.##.##.##.....+.#### ..#
#.##.##.##.....#..#
#.#########.##.##.###'#+##..#####


There were no monsters in sight!

Vanquished Creatures
  An adder (D:2)
  A dart slug (D:2)
  A ribbon worm (D:2)
  4 endoplasms
  A giant cockroach (D:1)
  A goblin (D:2)
  3 hobgoblins
  4 kobolds
  A quokka (D:1)
  3 ball pythons
  4 bats
  6 frilled lizards
  2 rats
32 creatures vanquished.

Notes
Turn   | Place    | Note
-------+----------+-------------------------------------------
     0 | D:1      | qw the Spriggan Hunter began the quest for the Orb.
     0 | D:1      | Reached XP level 1. HP: 10/10 MP: 2/2
     0 | D:1      | 0 ||| qw: Version: 0.3-a-155-g5e7d8dd
     0 | D:1      | 0 ||| qw: Game counter: 1598
     0 | D:1      | 0 ||| qw: Melee chars always use a shield: true
     0 | D:1      | 0 ||| qw: God list: Okawaru
     0 | D:1      | 0 ||| qw: Allow faded altars: false
     0 | D:1      | 0 ||| qw: Do Orc after clearing Dungeon:15 true
     0 | D:1      | 0 ||| qw: Do second Lair branch before Depths: true
     0 | D:1      | 0 ||| qw: Lair rune preference: random
     0 | D:1      | 0 ||| qw: Goals: Normal
     0 | D:1      | 0 ||| PLANNING D:1-11
    29 | D:1      | Reached skill level 3 in Dodging
   167 | D:1      | Reached XP level 2. HP: 14/14 MP: 3/3
   306 | D:1      | You fall into a shaft and drop 1 floor!
   420 | D:2      | Reached XP level 3. HP: 18/18 MP: 4/4
   684 | D:2      | 684 ||| READING scroll labelled QEOGAPH VOUKKA.
   688 | D:2      | 688 ||| READING 2 scrolls labelled EPRACH SYKED.
   688 | D:2      | 688 ||| IDENTIFYING fizzy white potion
   689 | D:2      | 689 ||| READING scroll of identify.
   689 | D:2      | 689 ||| IDENTIFYING 2 clear potions
   690 | D:2      | 690 ||| DROPPING scroll of butterflies.
   703 | D:2      | 703 ||| FLEEEEING.
   704 | D:2      | 704 ||| FLEEEEING.
   966 | D:1      | 966 ||| READING scroll labelled FINAREATSU.
   966 | D:1      | 966 ||| ENCHANTING +0 shortbow.
   967 | D:1      | 967 ||| READING scroll labelled VUGICVE URYMUECUO.
   969 | D:1      | 969 ||| Stepping ~*~*~tactically~*~*~ (cloud).
   972 | D:1      | HP: 4/18 [poisoned by you (poison gas)]
   975 | D:1      | HP: 1/18 [poisoned by you (poison gas)]
   976 | D:1      | Succumbed to their own poison gas

Levels and vault maps discovered:
D:1:      minmay_arrival_solitary_statue, layout_loops_cross
D:2:      layout_loops_corners, basic_altar

Skill      XL: |  1  2 |
---------------+-------+-----
Dodging        | 3 4 |  4.0
Fighting       | |  1.5
Ranged Weapons | |  4.7
Stealth        | |  1.5

Action                     || total
---------------------------++-------
   Fire: Shortbow          ||    85
    Use: Scroll            ||     5
 Armour: Robe              ||     6
  Dodge: Dodged            ||    18

Table legend:
 A = Non-vault XP
 B = Vault XP
 C = Vault XP percentage of total XP
 D = Non-vault monster count
 E = Vault monster count
 F = Vault count percentage of total count
                 A         B        C        D         E       F
            +---------+---------+-------+---------+---------+-------
      Total |      65 |       0 |   0.0 |      32 |       0 |   0.0
            +---------+---------+-------+---------+---------+-------
        D:1 |      25 |       0 |   0.0 |      16 |       0 |   0.0
        D:2 |      40 |       0 |   0.0 |      16 |       0 |   0.0
            +---------+---------+-------+---------+---------+-------
